 Dungeon Crawl Stone Soup version 0.24-a0-459-g225fefd530 (webtiles) character file.

Game seed: 5774058350664588843

1537 Craser22 the Cleaver (level 8, -15/64 HPs)
             Began as a Minotaur Berserker on June 29, 2019.
             Was an Elder of Trog.
             Demolished by an ogre
             ... wielding a +0 giant club
              (23 damage)
             ... on level 5 of the Dungeon.
             The game lasted 00:17:03 (4489 turns).

Craser22 the Cleaver (Minotaur Berserker)           Turns: 4489, Time: 00:17:05

Health: -15/64     AC:  9    Str: 22    XL:     8   Next: 56%
Magic:  16/16      EV:  8    Int:  4    God:    Trog [****..]
Gold:   232        SH:  0    Dex: 12    Spells: 7/7 levels left

rFire    . . .     SeeInvis .   a - +0 hand axe
rCold    . . .     Gourm    .   (no shield)
rNeg     . . .     Faith    .   z - +0 chain mail
rPois    +         Spirit   .   (helmet restricted)
rElec    .         Reflect  .   (no cloak)
rCorr    .         Harm     .   u - +0 pair of gloves
MR       .....                  (no boots)
Stlth    ..........             (no amulet)
HPRegen  0.20/turn              f - ring of magical power
MPRegen  0.15/turn              p - ring of poison resistance

@: berserk cooldown, slowed, very slow
A: retaliatory headbutt, horns 2
a: Berserk, Trog's Hand, Brothers in Arms, Renounce Religion


You were on level 5 of the Dungeon.
You worshipped Trog.
Trog was greatly pleased with you.
You were not hungry.

You visited 1 branch of the dungeon, and saw 5 of its levels.
You also visited: Ossuary.

You collected 232 gold pieces.


Innate Abilities, Weirdness & Mutations

You reflexively headbutt those who attack you in melee.
You have a pair of horns on your head.


   Skills:
 - Level 3.6 Fighting
 + Level 12.9 Axes
 - Level 2.4 Armour
 - Level 2.1 Dodging


You had 7 spell levels left.
You didn't know any spells.
Your spell library was empty.

Inventory:

Hand Weapons
 a - a +0 hand axe (weapon)
 t - a +0 flail
Missiles
 b - 5 boomerangs
 g - 130 stones (quivered)
 n - a throwing net {=f}
Armour
 u - a +0 pair of gloves (worn)
 z - a +0 chain mail (worn)
Jewellery
 f - a ring of magical power (left hand)
 p - a ring of poison resistance (right hand)
 x - an uncursed ring of flight
Wands
 i - a wand of enslavement (5)
Scrolls
 d - a scroll of noise {unknown}
 h - a scroll of fear {unknown}
 j - 2 scrolls of teleportation {unknown}
 k - 3 scrolls of remove curse {unknown}
 q - 2 scrolls of enchant weapon {unknown}
 r - 2 scrolls of magic mapping {unknown}
 y - a scroll of amnesia {unknown}
 A - a scroll of enchant armour {unknown}
 B - 2 scrolls of identify {@r1}
 F - a scroll of blinking {unknown}
Potions
 e - a potion of invisibility {unknown}
 l - 3 potions of magic {unknown}
 m - 3 potions of brilliance {unknown}
 o - 2 potions of flight {unknown}
 s - 5 potions of curing {unknown}
 v - 2 potions of might {unknown}
 w - a potion of cancellation {unknown}
 C - 2 potions of haste {unknown}
 D - 2 potions of mutation {unknown}
 E - 2 potions of heal wounds {unknown}
 G - a potion of agility {unknown}
Comestibles
 c - 6 rations

Dungeon Overview and Level Annotations

Branches:
Dungeon (5/15)
 Temple: D:4-7

Altars:
Elyvilon
Qazlal
Uskayaw
Wu Jian

Shops:
D:4

[ ..▒ ▒....<..▒ ▒.▒▒▒
▒..▒▒.▒▒▒
▒▒▒▒...▒▒▒▒▒▒▒▒..▒▒.▒
▒........▒.....)....▒
▒▒▒▒▒...................▒
▒...▒..................▒▒ ▒
▒.....)....o...........▒▒..
▒...▒.)...oOo.............▒
▒.........HSo▒.........▒▒▒▒
▒..▒.......S.▒.........▒
▒..▒▒........▒....>....▒
▒..▒▒▒......>▒▒▒▒▒▒▒..▒▒▒▒▒
▒..'.▒▒..[...▒ ▒▒.......
▒..▒▒▒.▒..▒▒▒▒▒▒▒▒▒........
▒..▒▒..▒▒..▒▒.......▒.▒▒▒▒▒
▒..▒...▒▒▒........▒▒▒_..
▒.....('.▒▒..▒▒▒▒..▒ .....


You could see an ogre, an orc priest, 2 adders and 3 orcs.


Message History

The adder bites you but does no damage. The adder bites you.
The adder closely misses you. The adder bites you but does no damage.
The adder bites you but does no damage. The adder bites you.
An ogre comes into view. It is wielding a +0 giant spiked club.
The adder bites you but does no damage.
The ogre moves out of view.
The adder bites you but does no damage. The adder barely misses you.
The adder barely misses you. The adder bites you.
The adder bites you but does no damage. The adder barely misses you.
You furiously retaliate!
You headbutt the adder!
The ogre hits you with a +0 giant club!!
* * * LOW HITPOINT WARNING * * *
The adder bites you but does no damage.
There is a stone staircase leading up, spattered with blood here.
The adder bites you but does no damage. The adder barely misses you.
The ogre hits you with a +0 giant club!!
* * * LOW HITPOINT WARNING * * *
The adder bites you but does no damage. The adder bites you but does no damage.
The orc hits you but does no damage.
The ogre hits you with a +0 giant club!!
You die...

Action                   |  1- 3 |  4- 6 |  7- 9 || total
-------------------------+-------+-------+-------++-------
Melee: Hand axe          |    92 |   115 |   198 ||   405
       Headbutt          |     6 |    22 |    47 ||    75
Invok: Berserk           |       |     4 |     2 ||     6
  Use: Scroll            |       |     2 |     1 ||     3
  Eat: Chunk             |     1 |     9 |     5 ||    15
       Ration            |       |       |     1 ||     1
Armor: Ring mail         |    17 |       |       ||    17
       Scale mail        |    11 |    31 |       ||    42
       Chain mail        |       |     6 |    80 ||    86
Dodge: Dodged            |    54 |    37 |    65 ||   156

Levels and vault maps discovered:
D:1:      ncdulo_smallfort, layout_loops_ring
D:2:      layout_rooms, minmay_misc_feat_rows, uniq_jessica
D:3:      layout_basic, nicolae_qazlal_style_of_elements, lemuel_doored_altar,
          first_ration, uniq_sigmund
D:4:      layout_basic, lemuel_crystal_altar, serial_shops, shop_statue,
          amethyst_killhole
D:5:      layout_rooms, overflow_temple_1_default, nicolae_ossuary_entry_giza,
          chequers_serial_rivers_micro_e, kennysheep_generic_room_14, uniq_pikel

Notes
Turn   | Place    | Note
-------+----------+-------------------------------------------
     0 | D:1      | Craser22 the Minotaur Berserker began the quest for the
                  | Orb.
     0 | D:1      | Reached XP level 1. HP: 19/19 MP: 0/0
    86 | D:1      | Reached skill level 4 in Axes
   186 | D:1      | Reached XP level 2. HP: 23/26 MP: 1/1
   550 | D:1      | Reached skill level 5 in Axes
   676 | D:1      | Reached ** piety under Trog
   825 | D:2      | Reached XP level 3. HP: 31/31 MP: 2/2
  1223 | D:2      | Reached XP level 4. HP: 32/39 MP: 3/3
  1224 | D:2      | Reached skill level 6 in Axes
  1568 | D:2      | Noticed Jessica
  1572 | D:2      | Killed Jessica
  1745 | D:3      | Reached skill level 7 in Axes
  1745 | D:3      | Reached XP level 5. HP: 41/45 MP: 4/4
  1746 | D:3      | Reached *** piety under Trog
  1774 | D:3      | Found a stormy altar of Qazlal.
  1775 | D:3      | Noticed an air elemental
  1928 | D:3      | Noticed Sigmund
  1938 | D:3      | Killed Sigmund
  1938 | D:3      | Reached skill level 8 in Axes
  1938 | D:3      | Reached XP level 6. HP: 51/51 MP: 5/5
  2032 | D:3      | Noticed a water elemental
  2032 | D:3      | Noticed a fire elemental
  2086 | D:3      | Found an ornate altar of the Wu Jian Council.
  2399 | D:3      | Reached skill level 9 in Axes
  2904 | D:4      | Found a white marble altar of Elyvilon.
  2960 | D:4      | Reached XP level 7. HP: 40/57 MP: 6/6
  3275 | D:4      | Found Efuvit's Antique Armour Boutique.
  3282 | D:4      | Reached skill level 10 in Axes
  3820 | D:5      | Entered Level 5 of the Dungeon
  3890 | D:5      | Found a sand-covered staircase.
  3903 | Ossuary  | Entered an ossuary
  4189 | Ossuary  | Reached **** piety under Trog
  4334 | Ossuary  | Reached skill level 11 in Axes
  4418 | D:5      | Found a hide-covered altar of Uskayaw.
  4450 | D:5      | Noticed Pikel
  4459 | D:5      | Reached XP level 8. HP: 64/64 MP: 7/7
  4466 | D:5      | Killed Pikel
  4466 | D:5      | Reached skill level 12 in Axes
  4489 | D:5      | Demolished by an ogre

Vanquished Creatures
  Pikel (D:5)
  Sigmund (D:3)
  A phantom (D:4)
  An elf zombie (Ossuary)
  A scorpion (D:4)
  A howler monkey (D:5)
  2 crimson imps (D:5)
  3 centaur zombies
  A human zombie (Ossuary)
  A centaur skeleton (D:4)
  An orc priest (D:3)
  Jessica (D:2)
  2 iguanas (D:4)
  An orc wizard (D:3)
  A worker ant (D:5)
  A big kobold zombie (Ossuary)
  A hound skeleton (D:5)
  3 mummies
  8 gnolls
  7 adders
  An ooze (D:2)
  An adder skeleton (D:4)
  3 worms
  3 dart slugs
  A leopard gecko (D:1)
  7 orcs
  3 giant cockroaches
  6 goblins
  12 hobgoblins
  5 jackals
  2 kobolds
  A quokka (D:3)
  5 bats
  4 frilled lizards
  A goblin zombie (Ossuary)
  10 hobgoblin zombies
  2 jackal zombies (Ossuary)
  11 kobold zombies (Ossuary)
  9 orc zombies (Ossuary)
  8 rats
134 creatures vanquished.

Vanquished Creatures (others)
  A worker ant zombie (D:5)
1 creature vanquished.

Grand Total: 135 creatures vanquished
